 Dungeon Crawl Stone Soup version 0.28-a0-2-g643f2454ad (webtiles) character file.

Game seed: 3557681099351513082

85556 Sin92 the Cleaver (level 15, -16/120 HPs)
             Began as a Demonspawn Fighter on July 22, 2021.
             Was the Champion of Okawaru.
             Killed from afar by Azrael (45 damage)
             ... with damnation
             ... on level 2 of the Orcish Mines.
             The game lasted 00:49:50 (29805 turns).

Sin92 the Cleaver (Demonspawn Fighter)             Turns: 29805, Time: 00:49:51

Health: -16/120    AC: 25    Str: 18    XL:     15   Next: 38%
Magic:  17/21      EV:  6    Int: 12    God:    Okawaru [******]
Gold:   1557       SH: 23    Dex: 15    Spells: 14/14 levels left

rFire   + + .      SeeInvis .   s - +6 war axe (vorpal)
rCold   + . .      Faith    +   a - +0 tower shield {rC+ rF+}
rNeg    . . .      Spirit   .   v - +1 plate armour
rPois   .          Reflect  .   (helmet restricted)
rElec   .          Harm     .   D - +0 cloak
rCorr   .          Rampage  .   E - +0 pair of gloves
Will    +....                   H - +1 pair of boots {Fly}
Stlth   ..........              F - amulet of faith
HPRegen 0.30/turn               g - +4 ring of protection
MPRegen 0.17/turn               A - ring of protection from fire

@: finesse-ful, flying
A: antennae 1, large bone plates 2, demonic guardian 2, ignite blood 2
a: Renounce Religion, Heroism, Finesse


You were on level 2 of the Orcish Mines.
You worshipped Okawaru.
Okawaru was exalted by your worship.
You visited 4 branches of the dungeon, and saw 22 of its levels.

You collected 1968 gold pieces.
You spent 411 gold pieces at shops.

Inventory:

Hand Weapons
 p - the +0 broad axe "Deucloin" {distort, Int+4}
   (Okawaru gifted it to you on level 6 of the Lair of Beasts)

   It warps and distorts space around it, and may blink, banish, or inflict
   extra damage upon those it strikes.
   Unwielding it can cause banishment or high damage.
   Int:       It affects your intelligence (+4).
 q - the +7 spear of the Four Queens {antimagic, *Rage rN++ Str+2 Int+3}
   (Okawaru gifted it to you on level 6 of the Lair of Beasts)

   It reduces the magical energy of the wielder, and disrupts the spells and
   magical abilities of those it strikes.
   Natural abilities and divine invocations are not affected.
   Str:       It affects your strength (+2).
   Int:       It affects your intelligence (+3).
   rN:        It greatly protects you from negative energy.
   *Rage:     It may make you go berserk in combat.
 s - a +6 vorpal war axe (weapon)
 y - a +0 vorpal broad axe
 C - the +5 war axe of Woe {vorpal, Dex+2}
   (You bought it in a shop on level 2 of the Orcish Mines)

   It inflicts extra damage upon your enemies.
   Dex:       It affects your dexterity (+2).
 J - a +4 demon trident of venom
 N - a +0 war axe of flaming
Missiles
 x - 6 curare-tipped darts (quivered)
 z - 6 throwing nets
Armour
 a - a +0 tower shield of resistance (worn)
 c - a +0 kite shield
 v - a +1 plate armour (worn)
 w - the +3 hat of Pondering {ponderous, Will+ MP+10 Int+5}
   (You took it off Gastronok on level 1 of the Orcish Mines)

   Int:       It affects your intelligence (+5).
   MP:        It affects your magic capacity (+10).
   Will:      It increases your willpower.
 D - a +0 cloak (worn)
 E - a +0 pair of gloves (worn)
 H - a +1 pair of boots of flying (worn)
Jewellery
 g - a +4 ring of protection (left hand)
 j - an amulet of magic regeneration
 l - a ring of fire
 r - a ring of poison resistance
 A - a ring of protection from fire (right hand)
 F - an amulet of faith (around neck)
Wands
 n - a wand of iceblast (7)
 B - a wand of paralysis (13)
Scrolls
 e - 5 scrolls of identify
 f - 2 scrolls of amnesia
 h - a scroll of magic mapping
 o - 2 scrolls of vulnerability
 G - 3 scrolls of fog
Potions
 b - a potion of cancellation
 d - 4 potions of might
 i - a potion of invisibility
 k - a potion of magic
 m - 2 potions of flight
 t - 2 potions of haste
 u - a potion of curing
 M - 3 potions of attraction


   Skills:
 + Level 11.8 Fighting
 * Level 14.6(14.7) Axes
 - Level 3.2(10.3) Polearms
 + Level 11.0 Armour
 - Level 7.7 Dodging
 + Level 11.0 Shields
 - Level 8.3 Invocations


You had 14 spell levels left.
You didn't know any spells.
Your spell library contained the following spells:

 Spells                   Type           Power      Damage    Failure   Level
 Apportation              Tloc           0%         N/A       100%        1
 Foxfire                  Conj/Fire      0%         2x1d4     100%        1
 Freeze                   Ice            0%         1d3       100%        1
 Blink                    Tloc           N/A        N/A       100%        2
 Static Discharge         Conj/Air       0%         N/A       100%        2
 Sublimation of Blood     Necr           0%         N/A       100%        2
 Wereblood                Tmut           0%         N/A       100%        2
 Conjure Flame            Conj/Fire      0%         6-21      100%        3
 Frozen Ramparts          Ice            0%         1d2       100%        3
 Ignite Poison            Fire/Tmut/Pois 0%         N/A       100%        3
 Inner Flame              Hex/Fire       0%         N/A       100%        3
 Lesser Beckoning         Tloc           0%         N/A       100%        3
 Airstrike                Air            0%         N/A       100%        4
 Hailstorm                Conj/Ice       0%         3d3       100%        4
 Sticky Flame             Conj/Fire      0%         2d3       100%        4
 Summon Lightning Spire   Summ/Air       0%         N/A       100%        4
 Alistair's Intoxication  Tmut/Pois      0%         N/A       100%        5
 Lightning Bolt           Conj/Air       0%         1d11      100%        5
 Manifold Assault         Tloc           0%         N/A       100%        5
 Invisibility             Hex            0%         N/A       100%        6
 Summon Hydra             Summ           0%         N/A       100%        7
 Maxwell's Capacitive Co  Air            0%         ∞         100%        8


Dungeon Overview and Level Annotations

Branches:
Dungeon (13/15)            Temple (1/1) D:4            Lair (6/6) D:9
 Shoals (0/4) Lair:4       Spider (0/4) Lair:2        Slime (0/5) Lair:6
    Orc (2/2) D:12            Elf (0/3) Orc:2
 Vaults: D:13-14

Altars:
Cheibriados
Dithmenos
Fedhas
Gozag
Kikubaaqudgha
Makhleb
Nemelex Xobeh
Okawaru
Qazlal
Sif Muna
Vehumet
Yredelemnul
Beogh

Shops:
D:5 :   Orc:2 !([(

Annotations:
D:13 exclusion: obsidian statue
Lair:6 exclusion: 4 oklob plants
Orc:2 3 runed translucent doors, Azrael; ardl's ghost, adept KoEn


Innate Abilities, Weirdness & Mutations

You have a pair of small antennae on your head.
You are mostly covered in large bone plates. (SH +6)
A demonic guardian rushes to your aid.
Your demonic aura often causes spilled blood to erupt in flames.


Message History

You slash the hell hound!
The hell hound is almost dead.
You block the hell hound's attack.
You slash the hell hound!
You kill the hell hound!
Okawaru accepts your kill.
You slice the fire elemental!!
You destroy the fire elemental!
Okawaru accepts your kill.
Your shield prevents you from hitting the fire elemental.
You block the fire elemental's attack.
You hit the fire elemental but do no damage.
You block the fire elemental's attack.
You slice the fire elemental!!
The fire elemental is almost destroyed.
Azrael gestures at you.
The bolt of fire hits the fire elemental.
The fire elemental completely resists.
The bolt of fire hits you. You resist.
* * * LOW HITPOINT WARNING * * *
You hit the fire elemental but do no damage.
The fire elemental is almost destroyed.
You block the fire elemental's attack.
You hit the fire elemental.
You destroy the fire elemental!
Okawaru accepts your kill.
You hit the fire elemental.
The fire elemental is heavily damaged.
The fire elemental hits you. The fire elemental burns you! You resist.
* * * LOW HITPOINT WARNING * * *
You closely miss the fire elemental.
The fire elemental is heavily damaged.
You slash the fire elemental!
The fire elemental is almost destroyed.
The fire elemental barely misses you.
You slice the fire elemental!!
You destroy the fire elemental!
Okawaru accepts your kill. Azrael gestures at you.
The sphere of damnation explodes!
The damnation engulfs you!!!
You die...

###### #...).○☼.......
.....## #....))☼.......
......## #E°..°....#
####...# ####.....##
.####..# ##.#○......#
...##..# #..E○[....## #
....#..#
###☼R○......##.#
.......#
########°#.............
.......#
#.....@†R..†...........
....#..#
#.#########[..#........
...##..# #.
#.#HW#..###.#.....
.####..# .?[$o##.#.#
###.... ####...# #...#
#.### #.... ......##
..#.# #.#### #.....
.....## ##.$.#
#....##...... ######
#..## #............ ###
....#............


You could see Azrael.

Vanquished Creatures
  Gastronok (Orc:1)
  Snorg (Lair:6)
  An ettin (Orc:1)
  Harold (D:9)
  11 hydras
  Erolcha (D:9)
  4 ogre magi (Orc:2)
  2 catoblepae
  2 centaur warriors
  A merfolk avatar (Lair:6)
  11 death yaks
  11 two-headed ogres
  Urug (D:11)
  Nergalle (D:11)
  3 skeletal warriors (D:13)
  Pikel (Temple)
  2 harpies (Lair:6)
  A lindwurm (Lair:6)
  A cyclops (D:12)
  An ugly thing (D:8)
  2 orc sorcerers (Orc:1)
  3 manticores
  Maurice (D:9)
  9 elephants
  A torpor snail (Lair:6)
  4 black mambas
  A gargoyle (D:11)
  11 cane toads
  9 rime drakes
  3 kobold demonologists (D:10)
  8 komodo dragons
  6 trolls
  3 polar bears
  2 jumping spiders (Lair:2)
  2 wind drakes
  3 hornets
  12 blink frogs
  4 dream sheep
  A snapping turtle (Lair:6)
  A centaur simulacrum (D:10)
  Sigmund (D:4)
  8 wyverns
  4 redbacks (Lair:2)
  A wraith (D:12)
  A spriggan (Lair:5)
  3 fire elementals (Orc:2)
  60 yaks
  3 basilisks
  3 vampire mosquitoes (D:12)
  3 steam dragons
  Menkaure (D:7)
  2 wargs
  3 acid dragons
  18 water moccasins
  A sky beast (D:8)
  5 hell hounds (Orc:2)
  5 black bears
  16 orc warriors
  A hornet zombie (D:6)
  3 ice beasts
  2 necrophages
  25 ogres
  4 centaurs
  3 wolves
  2 lemures (Temple)
  2 phantoms
  6 kobold brigands
  A gnoll sergeant (D:11)
  13 bullfrogs
  2 scorpions (D:5)
  A wyvern zombie (D:8)
  A water moccasin zombie (D:7)
  10 killer bees
  11 wights
  A howler monkey (D:4)
  4 electric eels
  A crimson imp (D:9)
  5 centaur zombies
  8 hounds
  11 orc priests
  Crazy Yiuf (D:2)
  2 centaur skeletons
  A bullfrog skeleton (D:6)
  7 iguanas
  Natasha (D:2)
  7 orc wizards
  13 hell rats
  5 gnolls (D:11)
  A howler monkey skeleton (D:7)
  7 adders
  A shadow imp (D:7)
  2 white imps
  2 adder skeletons
  A worm (D:4)
  A dart slug (D:4)
  36 orcs
  5 bats
  5 endoplasms
  A giant cockroach (D:2)
  7 goblins
  7 hobgoblins
  2 quokkas (D:4)
  4 ball pythons
  16 kobolds
  6 rats
540 creatures vanquished.

Vanquished Creatures (collateral kills)
  A death yak (Lair:6)
  A komodo dragon (Lair:4)
  2 blink frogs (Lair:4)
  A wolf (Lair:4)
  An orc wizard (Orc:2)
  4 orcs
10 creatures vanquished.

Vanquished Creatures (others)
  An orc wizard (Orc:2)
  A bush (Lair:6)
  43 fungi
  114 plants
159 creatures vanquished.

Grand Total: 709 creatures vanquished

Notes
Turn   | Place    | Note
-------+----------+-------------------------------------------
     0 | D:1      | Sin92 the Demonspawn Fighter began the quest for the Orb.
     0 | D:1      | Reached XP level 1. HP: 18/18 MP: 1/1
    43 | D:1      | Found a faded altar of an unknown god.
   351 | D:1      | Reached skill level 2 in Axes
   949 | D:2      | Gained mutation: Your demonic aura sometimes causes spilled
                  | blood to erupt in flames. [demonic ancestry]
   949 | D:2      | Reached XP level 2. HP: 19/24 MP: 2/2
  1098 | D:2      | Noticed Natasha
  1108 | D:2      | Killed Natasha
  1109 | D:2      | Gained mutation: You are partially covered in large bone
                  | plates. (SH +4) [demonic ancestry]
  1109 | D:2      | Reached XP level 3. HP: 15/29 MP: 3/3
  1405 | D:2      | Reached skill level 1 in Dodging
  1449 | D:2      | Gained mutation: Your demonic aura often causes spilled
                  | blood to erupt in flames. [demonic ancestry]
  1449 | D:2      | Reached XP level 4. HP: 30/35 MP: 4/4
  1669 | D:2      | Found a runed translucent door.
  1670 | D:2      | Noticed Crazy Yiuf
  1878 | D:2      | Killed Crazy Yiuf
  1879 | D:2      | Reached skill level 3 in Axes
  2236 | D:3      | Reached XP level 5. HP: 41/41 MP: 5/5
  2519 | D:4      | Found a staircase to the Ecumenical Temple.
  2526 | D:4      | Noticed a lemure
  2526 | D:4      | Noticed a lemure
  2527 | D:4      | Noticed Pikel
  2527 | D:4      | Noticed a lemure
  2528 | D:4      | Noticed a lemure
  2535 | Temple   | Entered the Ecumenical Temple
  2539 | Temple   | Killed a lemure
  2541 | Temple   | Killed a lemure
  2546 | Temple   | Killed Pikel
  2547 | Temple   | Reached skill level 4 in Axes
  2547 | Temple   | Reached XP level 6. HP: 17/49 MP: 1/6
  2547 | Temple   | Reached XP level 7. HP: 19/55 MP: 1/7
  2756 | Temple   | Became a worshipper of Warmaster Okawaru
  2904 | D:4      | Noticed Sigmund
  2923 | D:4      | Killed Sigmund
  2924 | D:4      | Reached skill level 5 in Axes
  3131 | D:4      | Gained mutation: You have a pair of small antennae on your
                  | head. [demonic ancestry]
  3131 | D:4      | Reached XP level 8. HP: 61/61 MP: 8/8
  3192 | D:4      | Found a snail-covered altar of Cheibriados.
  3300 | D:5      | Entered Level 5 of the Dungeon
  3364 | D:5      | Found Huimot's Book Boutique.
  3380 | D:5      | Reached skill level 5 in Fighting
  3861 | D:5      | Reached * piety under Okawaru
  3876 | D:5      | Reached skill level 6 in Axes
  4572 | D:6      | Reached skill level 5 in Armour
  4650 | D:6      | Reached skill level 5 in Shields
  4715 | D:6      | Gained mutation: You are mostly covered in large bone
                  | plates. (SH +6) [demonic ancestry]
  4715 | D:6      | Reached XP level 9. HP: 20/68 MP: 2/9
  5588 | D:7      | Reached ** piety under Okawaru
  5750 | D:7      | Reached skill level 7 in Axes
  5782 | D:7      | Noticed Menkaure
  5791 | D:7      | Killed Menkaure
  6401 | D:8      | Reached skill level 1 in Invocations
  6401 | D:8      | Reached *** piety under Okawaru
  6405 | D:8      | Reached skill level 5 in Dodging
  6667 | D:8      | Noticed a purple ugly thing
  6674 | D:8      | Killed a purple ugly thing
  6768 | D:8      | Reached XP level 10. HP: 77/77 MP: 11/11
  6865 | D:8      | Reached skill level 8 in Axes
  6940 | D:8      | Reached **** piety under Okawaru
  7893 | D:9      | Noticed Harold
  7905 | D:9      | Killed Harold
  8177 | D:9      | Noticed a manticore
  8187 | D:9      | Killed a manticore
  8188 | D:9      | HP: 1/79 [acid (14)]
  8566 | D:9      | Found a staircase to the Lair.
  8586 | D:9      | Reached ***** piety under Okawaru
  9286 | D:9      | Reached skill level 9 in Axes
  9440 | D:9      | Noticed Erolcha
  9450 | D:9      | Killed Erolcha
  9451 | D:9      | Reached skill level 5 in Invocations
  9451 | D:9      | Gained mutation: A weak demonic guardian rushes to your
                  | aid. [demonic ancestry]
  9451 | D:9      | Reached XP level 11. HP: 69/84 MP: 11/14
  9982 | D:9      | Noticed Maurice
 10392 | D:9      | Killed Maurice
 10485 | D:10     | Entered Level 10 of the Dungeon
 10803 | D:10     | Received a gift from Okawaru
 11163 | D:10     | Noticed a sixfirhy
 11166 | D:10     | Noticed a soul eater
 11725 | D:10     | Identified the ring "Meafeat" {Ice Str+3}
 12177 | D:10     | Received a gift from Okawaru
 12194 | D:10     | Reached skill level 10 in Axes
 12460 | D:10     | Found a shimmering blue altar of Sif Muna.
 12689 | D:11     | Noticed Urug
 12733 | D:11     | Killed Urug
 13301 | D:11     | Reached skill level 1 in Polearms
 13354 | D:11     | Noticed Nergalle
 13360 | D:11     | Killed Nergalle
 13361 | D:11     | Reached XP level 12. HP: 92/93 MP: 17/17
 14182 | D:12     | Found a sparkling altar of Nemelex Xobeh.
 14205 | D:12     | Found a staircase to the Orcish Mines.
 14210 | D:12     | Noticed a two-headed ogre
 14608 | D:12     | Killed a two-headed ogre
 15120 | D:12     | Noticed a centaur warrior
 15126 | D:12     | Killed a centaur warrior
 15442 | D:12     | Noticed a two-headed ogre
 15449 | D:12     | Killed a two-headed ogre
 15933 | D:13     | Noticed a centaur warrior
 15941 | D:13     | Killed a centaur warrior
 16074 | D:13     | Identified the +5 triple sword "Fuogeshua" {vorpal,
                  | *Corrode Dex+7 SInv} (Okawaru gifted it to you on level 13
                  | of the Dungeon)
 16074 | D:13     | Received a gift from Okawaru
 16440 | D:13     | Noticed a centaur warrior
 16443 | D:13     | Noticed a centaur warrior
 16717 | Lair:1   | Entered Level 1 of the Lair of Beasts
 16920 | Lair:1   | Reached skill level 11 in Axes
 17327 | Lair:1   | Received a gift from Okawaru
 17876 | Lair:2   | Found a hole to the Spider Nest.
 18208 | Lair:2   | You fall into a shaft and drop 1 floor!
 18212 | Lair:3   | Noticed a death yak
 18213 | Lair:3   | Noticed a death yak
 18213 | Lair:3   | Noticed a death yak
 18214 | Lair:3   | Noticed a death yak
 18214 | Lair:3   | Noticed a death yak
 18214 | Lair:3   | Noticed a death yak
 18349 | Lair:2   | Noticed an eight-headed hydra
 18367 | Lair:2   | Killed a three-headed hydra
 18368 | Lair:2   | Reached XP level 13. HP: 45/101 MP: 19/19
 20064 | Lair:3   | Reached ****** piety under Okawaru
 20064 | Lair:3   | Identified the +3 buckler of Juatten {-Tele rElec Will+
                  | Dex+4} (Okawaru gifted it to you on level 3 of the Lair of
                  | Beasts)
 20064 | Lair:3   | Received a gift from Okawaru
 20227 | Lair:3   | Reached skill level 12 in Axes
 21092 | Lair:4   | Found a staircase to the Shoals.
 21119 | Lair:4   | Reached skill level 10 in Fighting
 21549 | Lair:4   | HP: 5/103 [seven-headed hydra (7)]
 23664 | Lair:5   | Found a radiant altar of Vehumet.
 23687 | Lair:5   | Identified the +0 hat of Thoughtfulness {rC+ Will- rCorr
                  | Int+3} (Okawaru gifted it to you on level 5 of the Lair of
                  | Beasts)
 23687 | Lair:5   | Received a gift from Okawaru
 24027 | Lair:5   | Reached XP level 14. HP: 111/111 MP: 20/20
 24463 | Lair:5   | Reached skill level 13 in Axes
 25139 | Lair:6   | Entered Level 6 of the Lair of Beasts
 25253 | Lair:6   | Identified the +0 broad axe "Deucloin" {distort, Int+4}
                  | (Okawaru gifted it to you on level 6 of the Lair of Beasts)
 25253 | Lair:6   | Received a gift from Okawaru
 25254 | Lair:6   | Reached skill level 10 in Armour
 25254 | Lair:6   | Reached skill level 10 in Shields
 25883 | Lair:6   | Identified the +7 spear of the Four Queens {antimagic,
                  | *Rage rN++ Str+2 Int+3} (Okawaru gifted it to you on level
                  | 6 of the Lair of Beasts)
 25883 | Lair:6   | Received a gift from Okawaru
 26507 | Lair:6   | Noticed Snorg
 26765 | Lair:6   | Killed Snorg
 27044 | Lair:6   | Received a gift from Okawaru
 27061 | Lair:6   | Reached skill level 14 in Axes
 27061 | Lair:6   | Received a gift from Okawaru
 27969 | Lair:6   | Found a staircase to the Slime Pits.
 28263 | Orc:1    | Entered Level 1 of the Orcish Mines
 28574 | Orc:1    | Noticed Gastronok
 28592 | Orc:1    | Killed Gastronok
 28593 | Orc:1    | Gained mutation: A demonic guardian rushes to your aid.
                  | [demonic ancestry]
 28593 | Orc:1    | Reached XP level 15. HP: 95/119 MP: 21/21
 29312 | Orc:2    | Entered Level 2 of the Orcish Mines
 29354 | Orc:2    | Found a runed translucent gate.
 29354 | Orc:2    | Found a runed translucent gate.
 29354 | Orc:2    | Found a runed translucent gate.
 29390 | Orc:2    | Found a staircase to the Elven Halls.
 29397 | Orc:2    | Found Jargh's Weapon Boutique.
 29397 | Orc:2    | Found Huhyjeak's Antique Weapon Shoppe.
 29398 | Orc:2    | Found Efuffaa's Distillery.
 29398 | Orc:2    | Found Heack's Antique Armour Shoppe.
 29410 | Orc:2    | Received a gift from Okawaru
 29584 | Orc:2    | Bought a warped war axe for 246 gold pieces
 29584 | Orc:2    | Identified the +5 war axe of Woe {vorpal, Dex+2} (You
                  | bought it in a shop on level 2 of the Orcish Mines)
 29586 | Orc:2    | Bought a pair of glowing boots for 165 gold pieces
 29745 | Orc:2    | Noticed ardl's ghost (adept KoEn)
 29749 | Orc:2    | Received a gift from Okawaru
 29767 | Orc:2    | Noticed Azrael
 29805 | Orc:2    | Killed from afar by Azrael

Illustrated notes

Levels and vault maps discovered:
D:1:      nicolae_arrival_memento_mori, layout_basic,
          ebering_ecumenical_altar_abandoned, hangedman_feature_mirror
D:2:      layout_rooms, uniq_natasha, uniq_crazy_yiuf_cottage
D:3:      layout_basic
D:4:      layout_rooms, mainiacjoe_overflow_alcove_2,
          minmay_temple_entry_statues_pillars, uniq_sigmund, uniq_pikel
D:5:      layout_loops_ring, glass_columns_b, nicolae_inconvenience_store
D:6:      layout_loops_ring
D:7:      layout_gridville, nrook_pool_corridor, uniq_menkaure
D:8:      layout_basic
D:9:      layout_small_grid, erik_lair_island, minmay_crystal_water,
          minmay_fire_ice_demons, uniq_harold, uniq_maurice, uniq_erolcha
D:10:     layout_loops_ring, led_sif_book, kennysheep_potato
D:11:     layout_stronghold, uniq_urug, uniq_nergalle
D:12:     layout_basic, minmay_orc_entry_temple_small, serial_curves,
          eino_curves_04, eino_curves_02, eino_curves_02, nemelex_altar_shiori
D:13:     layout_roguey, minmay_tree_intersection, minivault_15,
          minmay_alternating_orb
Temple:   regret_index_temple_chain_breaker
Lair:1:   layout_chaotic_city, grunt_megastairs_5, serial_bayou_shore_b
Lair:2:   layout_layer_cave, nicolae_spider_entry_tight_spaces,
          portal_ice_cave_entry_pillars_2
Lair:3:   layout_cave_pods
Lair:4:   layout_layer_cave, minmay_shoals_entry_beasts,
          infiniplex_staircase_pool
Lair:5:   layout_hall_layers, basic_altar, grunt_forest_stairs_clearing
Lair:6:   gammafunk_lair_ancient_temple, layout_cellular_growth,
          minmay_slime_entry_oklob_enclosed, serial_bayou, serial_bayou_pond_b,
          serial_bayou_lake_a, serial_bayou_lagoon_a, serial_bayou_pond_e,
          uniq_snorg
Orc:1:    nicolae_orc_accident_3, layout_caves, uniq_gastronok
Orc:2:    st_orc_ogre_mass, layout_diamond_mine, basic_altar,
          maelrawn_ghost_gauntlet_escape, uniq_azrael

Skill      XL: |  1  2  3  4  5  6  7  8  9 10 11 12 13 14 15 |
---------------+----------------------------------------------+-----
Axes           | 2 3 4 5 6 7 9 10 11 12 14 | 14.6
Armour         | 3 4 5 6 7 8 9 10 11 | 11.0
Dodging        | 1 2 3 4 5 6 7 |  7.7
Shields        | 3 4 5 6 7 8 9 10 11 | 11.0
Fighting       | 4 5 6 7 8 9 10 11 | 11.8
Invocations    | 2 5 7 8 |  8.3
Polearms       | 1 3 |  3.2

Action                   |  1- 3 |  4- 6 |  7- 9 | 10-12 | 13-15 || total
-------------------------+-------+-------+-------+-------+-------++-------
Melee: War axe           |    51 |    65 |   253 |   665 |   719 ||  1753
       Unarmed           |       |       |       |    19 |       ||    19
Invok: Heroism           |       |       |       |     1 |       ||     1
       Finesse           |       |       |       |     3 |     4 ||     7
  Use: Scroll            |     4 |     3 |     4 |    13 |     9 ||    33
       Potion            |       |     1 |       |    11 |     3 ||    15
 Stab: Invisible         |       |       |       |     1 |       ||     1
       Petrified         |       |       |       |       |     7 ||     7
       Distracted        |       |       |       |       |     1 ||     1
Armor: Scale mail        |    33 |    42 |    47 |       |       ||   122
       Plate armour      |       |       |    62 |   318 |   339 ||   719
       Skin              |       |       |       |     8 |       ||     8
Dodge: Dodged            |    23 |    23 |    70 |   156 |   133 ||   405
Block: Kite shield       |    42 |    72 |   245 |   535 |       ||   894
       Tower shield      |       |       |       |   101 |   940 ||  1041

Table legend: (Time is in decaauts)
 A = Elapsed time spent in this place.
 B = Non-inter-level travel time spent in this place.
 C = Inter-level travel time spent in this place.
 D = Time resting spent in this place.
 E = Time spent auto-exploring this place.
 F = Levels seen in this place.
 G = Mean time per level.
                   A        B        C        D        E       F      G
               +--------+--------+--------+--------+--------+-----+--------+
         Total |  30138 |  28962 |   1176 |   6726 |  17166 |  22 | 1369.9 |
       Dungeon |  16786 |  15945 |    841 |   3749 |   9505 |  13 | 1291.2 |
        Temple |    237 |    228 |      9 |      0 |    201 |   1 |  237.0 |
          Lair |  11582 |  11259 |    323 |   2977 |   6205 |   6 | 1930.3 |
  Orcish Mines |   1532 |   1530 |      2 |      0 |   1255 |   2 |  766.0 |
               +--------+--------+--------+--------+--------+-----+--------+

Top non-repeatable levels by time:
  Lair:4: 3251 daAuts
     D:9: 3092 daAuts
  Lair:6: 2480 daAuts
  Lair:2: 2253 daAuts
    D:12: 2147 daAuts
    D:10: 1972 daAuts
  Lair:5: 1695 daAuts
    D:11: 1371 daAuts
     D:7: 1326 daAuts
     D:5: 1147 daAuts
   Orc:1: 1066 daAuts
     D:6: 1030 daAuts
     D:2: 1026 daAuts
     D:8: 1005 daAuts
  Lair:3: 960 daAuts
